 Dungeon Crawl Stone Soup version 0.30.1-3-gfc49f6343a (webtiles) character file.

Game seed: 9557858312966621330

726 spardeous the Conjurer (level 7, 0/50 HPs)
             Began as a Demigod Conjurer on Aug 5, 2023.
             Slain by a lemure (8 damage)
             ... led by Pikel
             ... on level 5 of the Dungeon.
             The game lasted 00:04:45 (4419 turns).

spardeous the Conjurer (Demigod Conjurer)           Turns: 4419, Time: 00:04:46

Health: 0/50       AC:  6    Str:  8    XL:     7   Next: 20%
Magic:  7/18       EV:  8    Int: 28    God:
Gold:   162        SH:  0    Dex: 12    Spells: 9/16 levels left

rFire   + . .        n - +4 dagger
rCold   . . .        (no shield)
rNeg    . . .        A - +0 scale mail
rPois   +            (no helmet)
rElec   .            (no cloak)
rCorr   .            (no gloves)
SInv    .            (no boots)
Will    .....        (no amulet) Stlth
                     f - ring of poison resistance
HPRegen 0.28/turn    g - ring of protection from fire
MPRegen 0.16/turn

%: no passive effects
@: about to teleport, marked
A: high MP 1, forlorn, divine attributes
a: no special abilities


You were on level 5 of the Dungeon.
You visited 1 branch of the dungeon, and saw 5 of its levels.

You collected 162 gold pieces.

Inventory:

Hand Weapons
 n - a +4 dagger (weapon)
Missiles
 x - a throwing net
Armour
 a - a +0 robe
 z - a +2 leather armour of willpower
 A - a +0 scale mail (worn)
Magical Staves
 m - a staff of earth
Jewellery
 d - a ring of see invisible
 f - a ring of poison resistance (left hand)
 g - a ring of protection from fire (right hand)
 y - a ring of resist corrosion
Wands
 t - a wand of light (7)
 B - a wand of charming (25)
Scrolls
 c - 4 scrolls of identify {unknown}
 i - a scroll of fear {unknown}
 k - a scroll of teleportation
 l - 2 scrolls of amnesia {unknown}
 o - 2 scrolls of fog {unknown}
 q - a scroll of poison {unknown}
 v - 3 scrolls of butterflies {unknown}
Potions
 b - a potion of magic
 e - 3 potions of haste {unknown}
 h - 2 potions of might {unknown}
 j - a potion of degeneration {unknown}
 p - a potion of attraction {unknown}
 r - 2 potions of curing {unknown}
 s - a potion of heal wounds {unknown}
 u - a potion of flight {unknown}
 w - a potion of cancellation {unknown}


   Skills:
 - Level 1.7 Dodging
 - Level 1.7 Stealth
 + Level 5.1 Spellcasting
 + Level 6.4 Conjurations


You had 9 spell levels left.
You knew the following spells:

 Your Spells              Type           Power      Damage    Failure   Level
a - Magic Dart            Conj           100%       1d8       4%          1
b - Searing Ray           Conj           86%        2d7       7%          2
c - Iskenderun's Mystic   Conj/Tloc      25%        2d7       87%         4

Your spell library contained the following spells:

 Spells                   Type           Power      Damage    Failure   Level
 Dazzling Flash           Conj/Hex       50%        N/A       47%         3
 Fulminant Prism          Conj/Hex       12%        3d9       87%         4


Dungeon Overview and Level Annotations

Branches:
Dungeon (5/15)             Temple (0/1) D:4

Annotations:
D:5 Edmund, Pikel, Prince Ribbit


Innate Abilities, Weirdness & Mutations

You have an increased reservoir of magic. (+10% MP)
You shall have no god before yourself.
Your divine heritage dramatically boosts your attributes as you level up.


Message History

Casting: Magic Dart (safe; 4% risk of failure)
Confirm with . or Enter, or press ? or * to list all spells.
Aiming: Magic Dart (safe; 4% risk of failure)
Press: ? - help, Shift-Dir - straight line, f/p - iguana
Aim: an iguana (almost dead, 100% to hit)
The magic dart hits the iguana.
You kill the iguana!
You now have 0/18 mp.
Unknown command.
You see here an iguana corpse.
You hear the rusting of a distant drain.
You see here a black bear corpse.
Found 9 gold pieces.
Found a wand of charming (13).
B - a wand of charming (12)
You now have 162 gold pieces (gained 9).
B - a wand of charming (25) (gained 13 charges)
You open the door.
A sourceless malevolence fills the Dungeon...
With a horrendous wail, an alarm goes off!
A sentinel's mark forms upon you.
You hear a shout! x5; You hear a loud, deep croak!
You hear a shout! x4
There is an open door here.
Found a runed mace and 7 stones.
You see here a +2 mace of holy wrath.
A lemure opens the door.
A lemure comes into view.
Prince Ribbit comes into view.
Pikel, Merchant of Souls comes into view.
He is wielding a +0 whip of flaming.
You completely miss the lemure. The lemure hits you.
* * * LOW HITPOINT WARNING * * *
You take 4 damage, and have 12/50 hp.
Unknown command.
Prince Ribbit blinks!
As you read the scroll labelled GUULOG SUUSK, it crumbles to dust.
You feel strangely unstable.
It was a scroll of teleportation.
Prince Ribbit hits you.
* * * LOW HITPOINT WARNING * * *
The lemure hits you!
You die...

########## ########
#........# #......#
#.5@.....###......##
...K.5'..F.......'........
#######........###......##
#........# #......#.
#.......)# ########.
#........# #... #.......(#
..........# ...########


You could see Prince Ribbit, Pikel and 2 lemures.

Vanquished Creatures
  2 black bears
  An ogre (D:5)
  An orc priest (D:5)
  A gnoll bouda (D:4)
  An iguana (D:5)
  Ijyb (D:5)
  4 orc wizards
  10 gnolls
  6 adders
  3 dart slugs
  5 orcs
  6 endoplasms
  2 giant cockroaches
  11 goblins
  8 hobgoblins
  5 jackals
  7 kobolds
  2 quokkas
  9 ball pythons
  9 bats
  A frilled lizard (D:1)
  3 rats
98 creatures vanquished.

Notes
Turn   | Place    | Note
-------+----------+-------------------------------------------
     0 | D:1      | spardeous the Demigod Conjurer began the quest for the Orb.
     0 | D:1      | Reached XP level 1. HP: 14/14 MP: 5/5
   493 | D:1      | Reached XP level 2. HP: 20/20 MP: 1/7
   818 | D:1      | Reached skill level 4 in Conjurations
  1157 | D:2      | Reached XP level 3. HP: 26/26 MP: 6/9
  1899 | D:3      | Reached XP level 4. HP: 33/33 MP: 8/11
  2041 | D:2      | Learned a level 2 spell: Searing Ray
  2046 | D:2      | Learned a level 4 spell: Iskenderun's Mystic Blast
  2389 | D:3      | Noticed a black bear
  2398 | D:3      | Killed a black bear
  2399 | D:3      | Reached skill level 5 in Conjurations
  2399 | D:3      | Reached XP level 5. HP: 23/38 MP: 2/13
  2972 | D:4      | Found a staircase to the Ecumenical Temple.
  3415 | D:4      | Reached XP level 6. HP: 45/45 MP: 10/15
  4224 | D:5      | Entered Level 5 of the Dungeon
  4224 | D:5      | Noticed Edmund
  4272 | D:5      | Noticed Ijyb
  4286 | D:5      | Reached skill level 6 in Conjurations
  4288 | D:5      | Killed Ijyb
  4320 | D:5      | Reached skill level 5 in Spellcasting
  4320 | D:5      | Reached XP level 7. HP: 22/50 MP: 0/18
  4415 | D:5      | Noticed Prince Ribbit
  4415 | D:5      | Noticed Pikel
  4419 | D:5      | Slain by a lemure

Illustrated notes

Levels and vault maps discovered:
D:1:      ldierk_walled_garden_2, layout_loops_ring,
          shapermc_ecumenical_altar_mp_highgroup
D:2:      layout_rooms, basic_altar
D:3:      layout_rooms, nicolae_ru_awakened_eye
D:4:      layout_basic, temple_statues
D:5:      layout_basic, cheibrodos_sewer_entry_drain,
          nicolae_shop_i_like_big_books, uniq_edmund, uniq_prince_ribbit1,
          uniq_pikel, uniq_ijyb

Skill      XL: |  1  2  3  4  5  6 |
---------------+-------------------+-----
Spellcasting   | 2 3 4 5 |  5.1
Conjurations   | 4 5 6 |  6.4
Dodging        | |  1.7
Stealth        | |  1.7

Action                     |  1- 3 |  4- 6 |  7- 9 || total
---------------------------+-------+-------+-------++-------
  Melee: Dagger            |       |       |     2 ||     2
   Cast: Magic Dart        |    88 |    97 |     2 ||   187
         Searing Ray       |       |    15 |     2 ||    17
    Use: Scroll            |       |       |     1 ||     1
 Armour: Robe              |     2 |     2 |       ||     4
         Scale mail        |       |    13 |       ||    13
         Leather armour    |       |     2 |       ||     2
  Dodge: Dodged            |    16 |    15 |     2 ||    33
